 Dungeon Crawl Stone Soup version 0.20-a0-1116-gaa52201 (webtiles) character file.

132 4thArraOfDagon the Bolt Thrower (level 4, -4/33 HPs)
             Began as a Mummy Hunter on May 7, 2017.
             Slain by an ogre
             ... wielding a +0 giant club
              (29 damage)
             ... on level 5 of the Dungeon.
             The game lasted 00:05:29 (1136 turns).

4thArraOfDagon the Bolt Thrower (Mummy Hunter)      Turns: 1136, Time: 00:05:30

Health: -4/33      AC:  8    Str: 15    XL:     4   Next: 92%
Magic:  4/4        EV:  6    Int: 11    God:
Gold:   153        SH:  0    Dex: 12    Spells: 3/3 levels left

rFire    x . .     SeeInvis .   a - +2 hand crossbow
rCold    + . .     Gourm    .   (no shield)
rNeg     + + +     Faith    .   l - +0 chain mail
rPois    ∞         Spirit   .   (no helmet)
rElec    .         Reflect  .   (no cloak)
rCorr    .         Harm     .   (no gloves)
MR       .....                  (no boots)
Stlth    ..........             (no amulet)
Regen    0.2/turn               f - ring of poison resistance
MPRegen  0.1/turn               (no ring)

@: no status effects
A: no food or potions, fire vulnerability, cold resistance 1, negative energy
resistance 3, torment resistance, unbreathing
a: no special abilities


You were on level 5 of the Dungeon.
You were not hungry.

You visited 1 branch of the dungeon, and saw 5 of its levels.

You collected 153 gold pieces.

Inventory:

Hand Weapons
 a - a +2 hand crossbow (weapon)
 b - a +0 short sword
Missiles
 d - 11 bolts (quivered)
Armour
 c - a +0 leather armour
 l - a +0 chain mail (worn)
Jewellery
 f - a ring of poison resistance (left hand)
Wands
 i - a wand of acid (4/15)
Scrolls
 e - a scroll of teleportation {unknown}
 g - a scroll of amnesia {unknown}
 h - a scroll of fear {unknown}
 j - a scroll of identify {unknown}
 k - a scroll of remove curse {unknown}


   Skills:
 - Level 2.0 Fighting
 + Level 5.2 Crossbows
 - Level 1.5 Dodging
 - Level 0.7 Stealth


You had 3 spell levels left.
You didn't know any spells.

Dungeon Overview and Level Annotations

Branches:
Dungeon (5/15)
 Temple: D:4-7

Altars:


Innate Abilities, Weirdness & Mutations

You do not eat or drink.
Your flesh is vulnerable to fire.
You are immune to poison.
Your flesh is cold resistant. (rC+)
You are immune to negative energy. (rN+++)
You are immune to unholy pain and torment.
You can survive without breathing.


Message History

Press: ? - help, Shift-Dir - straight line, f - gnoll
Aim: a gnoll, wielding a whip You shoot a bolt.
The bolt hits the gnoll!
You kill the gnoll!
No target in view!
No target in view!
d - 11 bolts (gained 1)
Things that are here:
a whip; a gnoll corpse An ogre comes into view.
It is wielding a giant club.
The ogre shouts!
Found a stone staircase leading down.
As you read the scroll labeled HIARIA ETAFOP, it crumbles to dust.
It is a scroll of enchant weapon.
Your +1 hand crossbow glows red for a moment.
As you read the scroll labeled WYCHAKLUIRA, it crumbles to dust.
The creatures around you are filled with an inner flame!
It was a scroll of immolation.
The ogre hits you with a giant club!!
Ouch! That really hurt!
You die...

#....>.#
#......#
#......#
#......#
#......#
+......#
#......#
#.@O#
##..)##
+.....#
#.....#
#.....#
#.....#
####.##
#.# ...


You could see an ogre (inner flame).

Vanquished Creatures
  A centaur skeleton (D:4)
  A gnoll (D:5)
  5 adders
  An adder skeleton (D:4)
  A worm (D:2)
  A dart slug (D:2)
  A leopard gecko (D:3)
  A giant cockroach (D:3)
  7 goblins
  7 jackals
  6 kobolds
  A quokka (D:3)
  3 bats
  4 frilled lizards
  2 rats
42 creatures vanquished.

Notes
Turn   | Place    | Note
-------+----------+-------------------------------------------
     0 | D:1      | 4thArraOfDagon the Mummy Hunter began the quest for the Orb.
     0 | D:1      | Reached XP level 1. HP: 16/16 MP: 1/1
     6 | D:1      | Noticed an iguana
     6 | D:1      | Noticed a swamp worm
     6 | D:1      | Noticed an anaconda
     7 | D:1      | Noticed a hog
     7 | D:1      | Noticed a black bear
   114 | D:2      | Reached XP level 2. HP: 22/22 MP: 2/2
   248 | D:2      | Reached skill level 4 in Crossbows
   492 | D:3      | Reached XP level 3. HP: 22/27 MP: 3/3
   843 | D:3      | Reached XP level 4. HP: 28/33 MP: 4/4
  1034 | D:4      | Reached skill level 5 in Crossbows
  1129 | D:5      | Entered Level 5 of the Dungeon
  1134 | D:5      | Noticed an ogre
  1136 | D:5      | Slain by an ogre

Vault maps used:
D:1:      onia_arrival_zoo_common
D:2:      kennysheep_generic_room_14
D:3:      first_bread, minivault_5
D:4:      lemuel_round_altar, nrook_mini_vaults
D:5:      kennysheep_mini_moat, chequers_temple_overflow_minitemple

Skill      XL: |  1  2  3  4 |
---------------+-------------+-----
Crossbows      | 4 5 |  5.2
Fighting       | |  2.0
Dodging        | |  1.5
Stealth        | |  0.7

Action                   |  1- 3 |  4- 6 || total
-------------------------+-------+-------++-------
Melee: Short sword       |    76 |    39 ||   115
 Fire: Hand crossbow     |    27 |    16 ||    43
  Use: Scroll            |       |     2 ||     2
 Stab: Sleeping          |     2 |       ||     2
Armor: Leather armour    |    24 |       ||    24
       Chain mail        |    18 |    34 ||    52
Dodge: Dodged            |    54 |    18 ||    72
